[Event "Live Chess"]
[Site "Chess.com"]
[Date "2023.05.21"]
[Round "-"]
[White "Missedidea"]
[Black "Pablo_dmp"]
[Result "0-1"]
[WhiteElo "1777"]
[BlackElo "1865"]
[TimeControl "300"]
[EndTime "7:24:14 PDT"]
[Termination "Pablo_dmp won by resignation"]

1. d4 Nf6 2. c4 e6 3. Nc3 Bb4 4. e3 O-O 5. Bd3 c5 6. Ne2 d5 7. O-O dxc4 8. Bxc4 b6 9. a3 Bxc3 10. Nxc3 Bb7 11. b4 cxb4 12. axb4 Qc7 13. Qe2 Rc8 14.
Nb5 Qxc4 15. Qxc4 Rxc4 16. Nd6 Rc7 17. b5 Bd5 18. f3 Nbd7 19. e4 Bb7 20. Bf4 Nh5 21. Be3 Nf8 22. g4 Nf6 23. Bf4 Rd7 24. Rfc1 Ng6 25. Be5 Nxe5 26. dxe5 Ne8 27. Nxe8 Rxe8 28.
Rxa7 Bc6 29. Rxd7 Bxd7 30. Rb1 Rc8 31. Kf2 Rc5 32. Rd1 Rc7 33. Rd6 Rb7 34. Ke3 Kf8 35.
f4 Ke7 36. f5 exf5 37. exf5 Bxb5 38. f6+ gxf6 39. Rxf6 Bd7 40. h3 b5 41. Kd3 b4 42.
Kc2 b3+ 43. Kb2 Be6 44. Rh6 Rb5 45. Rxh7 Rxe5 46. h4 Re2+ 47. Kb1 Bxg4 48. Rg7 Bf5+ 0-1

[Event "Live Chess"]
[Site "Chess.com"]
[Date "2023.05.21"]
[Round "-"]
[White "ameetghasi100"]
[Black "ossie57"]
[Result "1-0"]
[WhiteElo "2586"]
[BlackElo "1840"]
[TimeControl "300"]
[EndTime "7:24:17 PDT"]
[Termination "ameetghasi100 won by resignation"]

1. c4 c5 2. Nc3 Nc6 3. e3 g6 4.
Nf3 Bg7 5. h4 Nf6 6. h5 Nxh5 7.
Rxh5 gxh5 8. Nh4 Bxc3 9. bxc3 Ne5 10. Qxh5 Ng6 11. Nf5 d5 12. cxd5 Bxf5 13. Qxf5 O-O 14. c4 Qd6 15. Bb2 a6 16. Bd3 b5 17. Ke2 bxc4 18.
Bxc4 Qb6 19. Bc3 Qd6 20. Rh1 e5 21. dxe6 fxe6 22. Bxe6+ 1-0

[Event "Live Chess"]
[Site "Chess.com"]
[Date "2023.05.21"]
[Round "-"]
[White "JoRoSaR"]
[Black "f4nomore"]
[Result "1-0"]
[WhiteElo "1677"]
[BlackElo "1389"]
[TimeControl "300"]
[EndTime "7:24:23 PDT"]
[Termination "JoRoSaR won by resignation"]

1. e4 g6 2. d4 Bg7 3. Be3 d6 4. f4 Nc6 5. c3 Bd7 6. Nf3 Nf6 7. Bd3 Ng4 8. Qe2 Nxe3 9. Qxe3 O-O 10.
O-O e5 11. d5 Ne7 12. Nbd2 c6 13. c4 cxd5 14. cxd5 a6 15. Rab1 Qa5 16. a3 Bb5 17. g3 Bxd3 18. Qxd3 f5 19. b4 Qb6+ 20. Kg2 fxe4 21.
Nxe4 Nf5 22. Rbe1 Rac8 23. Nfg5 Rfe8 24. Ne6 exf4 25. Rxf4 Qb5 26. Qxb5 axb5 27. g4 Rc2+ 28. Kf3 Nh4+ 29. Kg3 Be5 30. Kxh4 Bxf4 31. Nxf4 Rxh2+ 32. Kg3 Rh6 33. Nf6+ Kg7 34. Nxe8+ Kf8 35. Nxd6 g5 36. Ne6+ Ke7 37. Nf5+ Kd7 38. Nxh6 1-0

[Event "Live Chess"]
[Site "Chess.com"]
[Date "2023.05.21"]
[Round "-"]
[White "DRS44"]
[Black "BillythekidFellowes"]
[Result "0-1"]
[WhiteElo "1307"]
[BlackElo "2091"]
[TimeControl "300"]
[EndTime "7:24:25 PDT"]
[Termination "BillythekidFellowes won on time"]

1. d4 e5 2. dxe5 Nc6 3. Nf3 Qe7 4. e4 Nxe5 5. Bf4 Ng6 6. Bg3 Qb4+ 7. c3 Qxb2 8. Nbd2 Bc5 9. Be2 Nf6 10. O-O O-O 11.
e5 Nh5 12. Ne4 Bb6 13. Nfg5 Nhf4 14. Bf3 h6 15. Nh3 Nxh3+ 16. gxh3 d5 17. Nd2 Bxh3 18. Bg2 Bxg2 19. Kxg2 Qxc3 20. Rc1 Qb4 0-1

[Event "Live Chess"]
[Site "Chess.com"]
[Date "2023.05.21"]
[Round "-"]
[White "grillage"]
[Black "BearFromUkraine"]
[Result "1-0"]
[WhiteElo "1779"]
[BlackElo "1072"]
[TimeControl "300"]
[EndTime "7:24:25 PDT"]
[Termination "grillage won by checkmate"]

1. d4 d5 2. Nc3 Nf6 3. Bf4 a6 4.
e3 e6 5. Nf3 Bd6 6. Bd3 Bxf4 7.
exf4 O-O 8. Ne5 Nbd7 9. O-O Nxe5 10. fxe5 Nd7 11. Qh5 h6 12. f4 Nb6 13. Rf3 f6 14. Rg3 Kh8 15. Rg6 fxe5 16. Rxh6+ Kg8 17. Rh8# 1-0

[Event "Live Chess"]
[Site "Chess.com"]
[Date "2023.05.21"]
[Round "-"]
[White "Biranidun"]
[Black "Olisingapore"]
[Result "1-0"]
[WhiteElo "2518"]
[BlackElo "1785"]
[TimeControl "300"]
[EndTime "7:24:36 PDT"]
[Termination "Biranidun won by resignation"]

1. e4 c5 2. Nf3 d6 3. d4 c4 4. Bxc4 Nf6 5. Nc3 Nc6 6. O-O g6 7. e5 Bg7 8. exf6 Bxf6 9. Bh6 Be6 10. d5 Bxd5 11. Nxd5 Ne5 12. Nxf6+ exf6 13. Bb5+ 1-0

[Event "Live Chess"]
[Site "Chess.com"]
[Date "2023.05.21"]
[Round "-"]
[White "AMCWAML"]
[Black "SimpleHarmonic1"]
[Result "1-0"]
[WhiteElo "2258"]
[BlackElo "2045"]
[TimeControl "300"]
[EndTime "7:24:49 PDT"]
[Termination "AMCWAML won on time"]

1. Nf3 d6 2. g3 Nf6 3. Bg2 g6 4. O-O Bg7 5. c4 O-O 6. Nc3 Nc6 7. d4 a6 8. d5 Na5 9. b3 c5 10. Rb1 Bf5 11. Rb2 b5 12. Nd2 b4 13. Na4 Bd7 14.
e4 Bxa4 15. bxa4 Nd7 16. f4 Bd4+ 17. Kh1 Bxb2 18. Bxb2 Nb6 19. Qe2 Nxa4 20. Ba1 Qd7 21. e5 f5 22. exd6 exd6 23. Qe6+ Qxe6 24. dxe6 Rae8 25.
Re1 Nb6 26. h4 h5 27. Kh2 Kh7 28. Nf3 Re7 29. Ng5+ Kg8 30. g4 hxg4 31. h5 gxh5 32. Kg3 Naxc4 33. Kh4 d5 34. Kxh5 d4 35. Kg6 Rg7+ 36. Kh5 Nc8 37. Bd5 Ne7 38. Bxc4 Rf6 39. Kh4 Rh6+ 40. Kg3 Rh3+ 41. Nxh3 gxh3+ 42. Kxh3 Ng6 43. e7+ Kh7 44. e8=Q Nxf4+ 45. Kh2 Rg2+ 46. Kh1 1-0

[Event "Live Chess"]
[Site "Chess.com"]
[Date "2023.05.21"]
[Round "-"]
[White "EdenHazard8"]
[Black "BJAW87"]
[Result "0-1"]
[WhiteElo "1942"]
[BlackElo "1464"]
[TimeControl "300"]
[EndTime "7:24:53 PDT"]
[Termination "BJAW87 won by resignation"]

1. e4 c6 2. d4 d5 3. e5 Bf5 4. h4 h5 5. Bd3 Bxd3 6. Qxd3 e6 7. Nf3 c5 8. c3 Nc6 9. Bg5 Qb6 10. b3 Nge7 11.
Nbd2 Nf5 12. Be3 Nxe3 13. fxe3 Be7 14. O-O O-O 15. Ng5 Bxg5 16. hxg5 Ne7 17. Rf3 Nf5 18. Rh3 g6 19. Rf1 a5 20. Qe2 a4 21. Rh1 axb3 22.
axb3 Ra2 23. g4 Ng3 24. Qh2 Nxf1 25. Kxf1 Kg7 26. gxh5 Rh8 27. h6+ Kf8 28. h7 Qb5+ 29. c4 dxc4 30. Qh6+ Ke7 31. Qxg6 fxg6 0-1

[Event "Live Chess"]
[Site "Chess.com"]
[Date "2023.05.21"]
[Round "-"]
[White "martynstanley"]
[Black "Doge_Dandolo"]
[Result "1-0"]
[WhiteElo "1030"]
[BlackElo "1876"]
[TimeControl "300"]
[EndTime "7:24:53 PDT"]
[Termination "martynstanley won by checkmate"]

1. d4 d5 2. e3 Bf5 3. Bd3 Bxd3 4.
cxd3 c6 5. f4 e6 6. Nf3 Bd6 7. Ne5 Nd7 8. O-O Ne7 9. Qf3 Nf5 10.
Nd2 h5 11. e4 Nxd4 12. Qf2 Nxe5 13. fxe5 Bc5 14. Qxf7# 1-0

[Event "Live Chess"]
[Site "Chess.com"]
[Date "2023.05.21"]
[Round "-"]
[White "JoeRoot66"]
[Black "Vedant-1411"]
[Result "1-0"]
[WhiteElo "1903"]
[BlackElo "843"]
[TimeControl "300"]
[EndTime "7:24:54 PDT"]
[Termination "JoeRoot66 won by checkmate"]

1. e4 e5 2. Nc3 Nc6 3. Bc4 Nf6 4. d3 Bc5 5. f4 O-O 6. Nf3 exf4 7. Bxf4 Bd6 8. e5 Nxe5 9. Bxe5 Bxe5 10. Nxe5 Qe7 11. Qe2 d6 12. Nxf7 Qxe2+ 13. Kxe2 Bg4+ 14. Kd2 Rxf7 15. Bxf7+ Kxf7 16. h3 Be6 17. Rhf1 Bd7 18. Ne4 Kg8 19.
Nxf6+ gxf6 20. Rxf6 Rf8 21. Rxf8+ Kxf8 22. Rf1+ Kg8 23.
Re1 Kf8 24. Re4 Kg8 25. Re7 Kf8 26. Rxd7 Kg8 27. Rxc7 Kf8 28. Rxb7 Ke8 29. Rxa7 Kf8 30. Ke3 Ke8 31. Kf4 Kf8 32. Kf5 Ke8 33. Ke6 Kf8 34. Kf6 Kg8 35. Ra8# 1-0

[Event "Live Chess"]
[Site "Chess.com"]
[Date "2023.05.21"]
[Round "-"]
[White "jimwad"]
[Black "stevochess11"]
[Result "0-1"]
[WhiteElo "1221"]
[BlackElo "1662"]
[TimeControl "300"]
[EndTime "7:25:07 PDT"]
[Termination "stevochess11 won by checkmate"]

1. d4 c6 2. e4 f6 3. Nf3 d5 4.
e5 e6 5. c3 Nd7 6. Bf4 c5 7.
Nbd2 cxd4 8. cxd4 Bb4 9. Bb5 Qa5 10. Bxd7+ Bxd7 11. O-O Bxd2 12. Qxd2 Qxd2 13. Bxd2 fxe5 14. Nxe5 Nf6 15. Rac1 O-O 16. Rc7 Bc6 17. Nxc6 bxc6 18.
Rxc6 Rab8 19. b3 Ne4 20. Be3 Rb6 21. Rxb6 axb6 22. Rc1 Ra8 23. a4 b5 24. axb5 Rb8 25. f3 Nd6 26. Rc6 Nxb5 27. Rxe6 Nc3 28. Bf4 Rxb3 29. Re8+ Kf7 30. Rc8 Ne2+ 31. Kf2 Nxf4 32. Kg3 g5 33. h4 h6 34. hxg5 hxg5 35. Rc7+ Kf6 36. Rc6+ Kf5 37. Rc8 Rb2 38. Rf8+ Kg6 39.
Rg8+ Kf6 40. Rf8+ Kg7 41. Rf5 Rxg2# 0-1

[Event "Live Chess"]
[Site "Chess.com"]
[Date "2023.05.21"]
[Round "-"]
[White "wot-not"]
[Black "LiamBellwood"]
[Result "0-1"]
[WhiteElo "1534"]
[BlackElo "1907"]
[TimeControl "300"]
[EndTime "7:25:17 PDT"]
[Termination "LiamBellwood won by resignation"]

1. e4 e6 2. f4 d5 3. e5 c5 4. Nf3 Nc6 5. d4 Nh6 6. Bd3 Nf5 7. Bxf5 exf5 8. O-O Be6 9. Be3 Qb6 10. dxc5 Bxc5 11. Bxc5 Qxc5+ 12. Kh1 O-O 13. Nbd2 Rac8 14. c3 Rfd8 15.
Ng5 d4 16. Nb3 Bxb3 17. axb3 dxc3 18. bxc3 Rxd1 0-1

[Event "Live Chess"]
[Site "Chess.com"]
[Date "2023.05.21"]
[Round "-"]
[White "Hacker_2009"]
[Black "Crowded_House"]
[Result "1-0"]
[WhiteElo "1954"]
[BlackElo "1603"]
[TimeControl "300"]
[EndTime "7:25:20 PDT"]
[Termination "Hacker_2009 won by resignation"]

1. d4 d5 2. Nf3 e6 3. e3 c5 4. c4 dxc4 5. Bxc4 cxd4 6. Nxd4 Bb4+ 7. Bd2 Bxd2+ 8. Qxd2 Nf6 9. Nc3 a6 10. O-O O-O 11.
Rfd1 Qc7 12. Be2 Nc6 13. Nxc6 Qxc6 14. Bf3 Qc7 15. Rac1 Qe7 16. h3 Rb8 17. e4 Qd7 18.
Qf4 Qxd1+ 19. Rxd1 Bd7 20. e5 Nd5 21. Nxd5 exd5 22.
Bxd5 Be6 23. Bxe6 fxe6 24. Qd4 Rfe8 25. Qd7 h6 26. Qc7 Rf8 27. Rd7 1-0

[Event "Live Chess"]
[Site "Chess.com"]
[Date "2023.05.21"]
[Round "-"]
[White "Daniel_Gliddon_FA"]
[Black "Dhaydon19"]
[Result "0-1"]
[WhiteElo "1197"]
[BlackElo "2691"]
[TimeControl "300"]
[EndTime "7:25:23 PDT"]
[Termination "Dhaydon19 won by resignation"]

1. e4 b6 2. d4 Bb7 3. Nc3 e6 4. Bc4 Nf6 5. Nf3 Nxe4 6. d5 Nxc3 7. bxc3 Be7 8. Bf4 O-O 9. O-O Na6 10. Qe2 Nc5 11. Rad1 Bf6 12. d6 cxd6 13. Bxd6 Re8 14. Bxc5 bxc5 15. Ne5 d5 16. Bd3 Qc7 17. Qh5 g6 18.
Qf3 Bxe5 19. Rfe1 Bxh2+ 20. Kh1 Be5 21. g3 c4 0-1

[Event "Live Chess"]
[Site "Chess.com"]
[Date "2023.05.21"]
[Round "-"]
[White "PaulyD81"]
[Black "KeithArkell"]
[Result "0-1"]
[WhiteElo "1190"]
[BlackElo "2477"]
[TimeControl "300"]
[EndTime "7:25:25 PDT"]
[Termination "KeithArkell won by checkmate"]

1. d4 e6 2. c4 Bb4+ 3. Bd2 Bxd2+ 4. Qxd2 Nf6 5. Nc3 d6 6. Nf3 Qe7 7. e3 e5 8. Be2 Bg4 9. O-O Nbd7 10. c5 O-O 11. cxd6 cxd6 12. h3 Bxf3 13. Bxf3 e4 14. Bg4 d5 15. Bxd7 Qxd7 16. Rac1 Rfc8 17. Rc2 h5 18. h4 Qg4 19. g3 Qh3 20. a3 Ng4 21.
Nxd5 Qh2# 0-1

[Event "Live Chess"]
[Site "Chess.com"]
[Date "2023.05.21"]
[Round "-"]
[White "onemoretime1975"]
[Black "robotking06"]
[Result "1-0"]
[WhiteElo "1841"]
[BlackElo "308"]
[TimeControl "300"]
[EndTime "7:25:37 PDT"]
[Termination "onemoretime1975 won by checkmate"]

1. e4 e5 2. Nf3 Nc6 3. Bc4 f5 4. d3 fxe4 5. dxe4 Bb4+ 6. c3 Ba5 7. b4 Bb6 8. b5 Na5 9. Nxe5 Nxc4 10. Nxc4 d5 11.
Nxb6 cxb6 12. Qh5+ g6 13. Qe5+ Ne7 14. Qxh8+ Ng8 15.
Qxg8+ Kd7 16. Qxd5+ Ke7 17. Bg5+ Ke8 18. Qxd8+ Kf7 19.
Qf6+ Ke8 20. Qe7# 1-0

[Event "Live Chess"]
[Site "Chess.com"]
[Date "2023.05.21"]
[Round "-"]
[White "BearFromUkraine"]
[Black "CheckThis4"]
[Result "0-1"]
[WhiteElo "1072"]
[BlackElo "2528"]
[TimeControl "300"]
[EndTime "7:25:43 PDT"]
[Termination "CheckThis4 won by resignation"]

1. e4 d5 2. e5 c5 3. d4 Nc6 4. Nf3 Bg4 5. Be3 Bxf3 6. Qxf3 cxd4 7. Bd2 e6 8. Bb5 Qb6 9. Bxc6+ bxc6 10. O-O Qxb2 11.
Nc3 0-1

[Event "Live Chess"]
[Site "Chess.com"]
[Date "2023.05.21"]
[Round "-"]
[White "JanMur7"]
[Black "Vitalii18a"]
[Result "1-0"]
[WhiteElo "1970"]
[BlackElo "1128"]
[TimeControl "300"]
[EndTime "7:26:01 PDT"]
[Termination "JanMur7 won by checkmate"]

1. e4 e5 2. Nf3 d6 3. Bc4 Be6 4. Bxe6 fxe6 5. d4 exd4 6. Nxd4 e5 7. Nf3 Nf6 8. Nc3 Be7 9. Bg5 O-O 10. Bxf6 Bxf6 11. Qd5+ Kh8 12. Qxb7 Nd7 13. Nd5 Rb8 14. Qxc7 Rxb2 15. Qxd8 Rxd8 16. O-O Rxc2 17. Nxf6 Nxf6 18. Ng5 Rd7 19. Rac1 Rxa2 20. Rc8+ Ng8 21. Rd8 Rc7 22. Rxd6 h6 23. Nf3 Rc5 24. Re6 Raa5 25. h4 Nf6 26. Rd1 Rab5 27. h5 Nxh5 28. Nh4 Nf6 29. Rd8+ Kh7 30.
Re7 a5 31. Nf5 Nh5 32. g4 Kg6 33. gxh5+ Kxh5 34. Rxg7 a4 35. Rd3 Ra5 36. Rh3# 1-0

[Event "Live Chess"]
[Site "Chess.com"]
[Date "2023.05.21"]
[Round "-"]
[White "wadsy27"]
[Black "YrrriKharkiv"]
[Result "1-0"]
[WhiteElo "2546"]
[BlackElo "2058"]
[TimeControl "300"]
[EndTime "7:26:03 PDT"]
[Termination "wadsy27 won by resignation"]

1. c4 Nf6 2. g3 e6 3. Bg2 d5 4. Nf3 c6 5. O-O Bd6 6. b3 a5 7. Nc3 Nbd7 8. d4 Qe7 9. Bb2 h5 10. h4 Bb4 11. a3 Bd6 12. Ng5 a4 13. c5 Bc7 14. Nxa4 e5 15. dxe5 Nxe5 16. e4 O-O 17.
exd5 cxd5 18. Re1 Nfg4 19. f3 Nh6 20. f4 Rxa4 21. bxa4 Qxc5+ 22. Bd4 1-0

[Event "Live Chess"]
[Site "Chess.com"]
[Date "2023.05.21"]
[Round "-"]
[White "PantherCal"]
[Black "Larchikov"]
[Result "1-0"]
[WhiteElo "1858"]
[BlackElo "2025"]
[TimeControl "300"]
[EndTime "7:26:07 PDT"]
[Termination "PantherCal won on time"]

1. e4 c5 2. d4 cxd4 3. Qxd4 Nc6 4. Qd1 g6 5. Nf3 Bg7 6. Bc4 e6 7. O-O Nge7 8. Bg5 O-O 9. Nc3 a6 10. Qd2 b5 11. Bb3 Bb7 12. Rad1 Nb8 13. Qd6 f6 14.
Bf4 Nec6 15. Bxe6+ dxe6 16. Qxe6+ Kh8 17. Rxd8 Rxd8 18.
Nd5 Nd7 19. Bc7 Nc5 20. Qg4 Rd7 21. Bb6 Bc8 22. Qf4 Ne6 23. Qe3 Bb7 24. Nd4 Nexd4 25. Bxd4 Re8 26. Nxf6 Nxd4 27. Nxe8 Be5 28. f4 Bb8 29.
Rd1 Ba7 30. Kh1 Rd8 31. Nc7 Rd7 32. Nd5 Bxd5 33. exd5 Rxd5 34. Qe8+ Kg7 35. Qe7+ Kh6 36. Qxa7 Nc6 37. Qg1 Rh5 38. h3 Ne7 39. Qe3 Nf5 40. Qf3 Rh4 41. Rd5 Ng7 42. Kh2 Nh5 43. g3 Rxf4 44.
gxf4 b4 45. Rxh5+ gxh5 46. f5 Kg7 47. Qf4 Kf6 48. Qg5+ Kxg5 49. Kg3 Kxf5 50. h4 Ke4 51. a3 bxa3 52. bxa3 a5 53. a4 Kd4 54. Kf3 Kc3 55. Kf4 Kb4 56. Kg5 Kxa4 57. Kxh5 Kb4 58. Kh6 a4 59. Kxh7 a3 60. Kg7 a2 61. h5 a1=Q+ 62.
Kg6 1-0

[Event "Live Chess"]
[Site "Chess.com"]
[Date "2023.05.21"]
[Round "-"]
[White "NotHarryV"]
[Black "Singapourfeuj"]
[Result "0-1"]
[WhiteElo "1515"]
[BlackElo "2199"]
[TimeControl "300"]
[EndTime "7:26:10 PDT"]
[Termination "Singapourfeuj won by resignation"]

1. d4 Nf6 2. c4 g6 3. Nf3 Bg7 4. Nc3 O-O 5. e4 d6 6. h3 e5 7.
Be3 Nc6 8. d5 Ne7 9. Be2 Nh5 10.
c5 Nf4 11. Bxf4 exf4 12. Qc1 f5 13. exf5 Nxf5 14. cxd6 Nxd6 15. O-O Bf5 16. Qd2 g5 17. Bd3 Bxd3 18. Qxd3 Qf6 19. Rae1 Rae8 20. Rxe8 Rxe8 21. Re1 Rxe1+ 22. Nxe1 Qf5 23. Qxf5 Nxf5 24. Nf3 Bxc3 25. bxc3 h6 26. c4 Kf7 27. g4 fxg3 28. fxg3 Nxg3 29. Kg2 Ne4 30. h4 Kf6 31. hxg5+ hxg5 32. Kh3 b6 33. Kg4 a5 34. a4 Nf2+ 35. Kg3 Nd3 36. Kg4 Ne5+ 37.
Nxe5 Kxe5 38. Kxg5 Kd4 0-1

[Event "Live Chess"]
[Site "Chess.com"]
[Date "2023.05.21"]
[Round "-"]
[White "diana21strabt"]
[Black "MartynColebrook"]
[Result "1-0"]
[WhiteElo "1755"]
[BlackElo "1323"]
[TimeControl "300"]
[EndTime "7:26:26 PDT"]
[Termination "diana21strabt won by resignation"]

1. e4 d5 2. exd5 Qxd5 3. Nc3 Qa5 4. Bc4 Nf6 5. d3 e5 6. Bd2 c5 7. Nf3 Nc6 8. Qe2 Bd6 9. O-O O-O 10. Nd5 Qd8 11. Bg5 Nd4 12. Nxd4 exd4 13. Bxf6 gxf6 14. Qf3 Be5 15. Rae1 Re8 16. h3 a6 17. a4 Be6 18.
Re4 Qd6 19. Nxf6+ Bxf6 20. Qxf6 Rad8 21. Bxe6 Rxe6 22. Rxe6 Qxe6 23. Qxe6 fxe6 24. Re1 Kf7 25. Re5 Kf6 26. Rxc5 b6 27. Rc6 h5 28. Rxb6 Rc8 29. Rxa6 Rxc2 30. Rb6 Rd2 31. Rb3 h4 32. a5 Ke5 33. a6 Rd1+ 34. Kh2 Ra1 35. Ra3 Rc1 36. a7 1-0

[Event "Live Chess"]
[Site "Chess.com"]
[Date "2023.05.21"]
[Round "-"]
[White "LiamClery2020"]
[Black "Mugzwang"]
[Result "1-0"]
[WhiteElo "1984"]
[BlackElo "1447"]
[TimeControl "300"]
[EndTime "7:26:37 PDT"]
[Termination "LiamClery2020 won by resignation"]

1. e4 c5 2. Nf3 Nc6 3. Bb5 Nf6 4. Bxc6 dxc6 5. Nc3 g6 6. O-O Bg7 7. Re1 O-O 8. d3 Bg4 9. Be3 b6 10. h3 Bxf3 11.
Qxf3 e5 12. Rad1 Qc7 13. Ne2 Rad8 14. c3 Rd7 15. Bg5 Rd6 16. d4 exd4 17. e5 1-0

[Event "Live Chess"]
[Site "Chess.com"]
[Date "2023.05.21"]
[Round "-"]
[White "Leonid_Starozhilov"]
[Black "davigator"]
[Result "1-0"]
[WhiteElo "2637"]
[BlackElo "2286"]
[TimeControl "300"]
[EndTime "7:26:44 PDT"]
[Termination "Leonid_Starozhilov won by resignation"]

1. e4 c5 2. Nf3 Nc6 3. Bb5 g6 4. Bxc6 bxc6 5. d3 Bg7 6. O-O d6 7. h3 Nh6 8. Re1 O-O 9. Nc3 f5 10. e5 Qc7 11. Bf4 Nf7 12. exd6 exd6 13. Qd2 h6 14. h4 Rb8 15. Na4 Rb4 16. Nxc5 Rxf4 17.
Qxf4 g5 18. hxg5 hxg5 19. Nxg5 Nxg5 20. Qxg5 Rf7 21. Re8+ Kh7 22. Qh5+ Bh6 23. Ne6 Qd7 24. Ng5+ Kg7 25. Qxf7+ Qxf7 26. Nxf7 Bd7 27. Nxh6 1-0

[Event "Live Chess"]
[Site "Chess.com"]
[Date "2023.05.21"]
[Round "-"]
[White "MarkCheck"]
[Black "Trendle"]
[Result "0-1"]
[WhiteElo "1749"]
[BlackElo "2659"]
[TimeControl "300"]
[EndTime "7:26:45 PDT"]
[Termination "Trendle won on time"]

1. c4 f5 2. g3 Nf6 3. Bg2 g6 4. Nc3 Bg7 5. d3 d6 6. e4 Nc6 7. Nge2 O-O 8. O-O e5 9. f4 exf4 10. Nxf4 fxe4 11. dxe4 Ne5 12. Nfd5 c6 13. Nxf6+ Rxf6 14. Rxf6 Qxf6 15. Qe2 Be6 16. Bf4 Nxc4 17. Rf1 Qd4+ 18. Kh1 Rf8 19. Rd1 Qc5 20. Qd3 Nxb2 21. Qxd6 Qxd6 22. Rxd6 Bc4 23. Nd1 Nxd1 24. Rxd1 Bxa2 25.
e5 Be6 26. Rb1 Rf7 27. h4 Bf8 28. Kh2 a5 29. Ra1 Bb4 30. Bh3 Bxh3 31. Kxh3 Re7 32. Rd1 Kf7 33. Kg4 Ke6 34. h5 gxh5+ 35. Kxh5 a4 0-1

[Event "Live Chess"]
[Site "Chess.com"]
[Date "2023.05.21"]
[Round "-"]
[White "ClassyChameleon"]
[Black "AlanPaling"]
[Result "0-1"]
[WhiteElo "1080"]
[BlackElo "1377"]
[TimeControl "300"]
[EndTime "7:26:47 PDT"]
[Termination "AlanPaling won by checkmate"]

1. e4 Nf6 2. Nc3 d5 3. f3 dxe4 4. fxe4 e5 5. Nf3 Nbd7 6. d4 exd4 7. Nxd4 Ne5 8. Be3 c6 9. Qe2 Bd6 10. O-O-O Qc7 11. Nf5 Bf8 12. Ng3 h6 13. h4 Bg4 14.
Qd2 Bxd1 15. Qxd1 Rd8 16. Bd3 b6 17. Nf5 g6 18. Nd4 Nxd3+ 19. Qxd3 Be7 20. Rd1 h5 21. g3 Qb7 22. e5 Nd5 23. Nxd5 Rxd5 24. Bf4 c5 25.
Qb5+ Qd7 26. Nc6 Rxd1# 0-1

[Event "Live Chess"]
[Site "Chess.com"]
[Date "2023.05.21"]
[Round "-"]
[White "ameetghasi100"]
[Black "f4nomore"]
[Result "1-0"]
[WhiteElo "2586"]
[BlackElo "1389"]
[TimeControl "300"]
[EndTime "7:26:54 PDT"]
[Termination "ameetghasi100 won by checkmate"]

1. d4 g6 2. h4 Bg7 3. h5 d6 4. e4 Nf6 5. h6 Bf8 6. f3 Nbd7 7. Nc3 c5 8. d5 Ne5 9. Bg5 Qb6 10. Qd2 Qxb2 11. Rb1 Qa3 12. Nb5 Qa5 13. Qxa5 b6 14. Qa4 Bd7 15. Qa6 Bxb5 16. Bxb5+ Nfd7 17. Qb7 Rb8 18. Qxb8# 1-0

[Event "Live Chess"]
[Site "Chess.com"]
[Date "2023.05.21"]
[Round "-"]
[White "zdanevych"]
[Black "WelshTiger"]
[Result "0-1"]
[WhiteElo "1491"]
[BlackElo "2334"]
[TimeControl "300"]
[EndTime "7:26:59 PDT"]
[Termination "WelshTiger won by resignation"]

1. d4 d5 2. c4 e6 3. Nc3 c5 4.
Nf3 Nc6 5. cxd5 exd5 6. e3 Nf6 7. Bd3 c4 8. Bc2 a6 9. h3 b5 10. a3 Be7 11. O-O O-O 12. b3 Be6 13. bxc4 bxc4 14. Bb2 Rb8 15. Rb1 Qa5 16. e4 Rxb2 17. Rxb2 Qxc3 18.
Rb7 dxe4 19. Ne5 Nxd4 20. Ba4 Bd6 21. Ng4 Nxg4 22. hxg4 e3 23. fxe3 Qxe3+ 24. Kh1 Qh6+ 25. Kg1 Qh2+ 26. Kf2 Qg3+ 27. Kg1 Bc5 0-1

[Event "Live Chess"]
[Site "Chess.com"]
[Date "2023.05.21"]
[Round "-"]
[White "JoeRoot66"]
[Black "AMCWAML"]
[Result "0-1"]
[WhiteElo "1901"]
[BlackElo "2260"]
[TimeControl "300"]
[EndTime "7:27:08 PDT"]
[Termination "AMCWAML won by resignation"]

1. e4 c5 2. c3 Nf6 3. e5 Nd5 4. d4 cxd4 5. Nf3 Nc6 6. cxd4 d6 7. Bc4 dxe5 8. dxe5 Ndb4 9. Qb3 e6 10. a3 Na5 11.
Qa4+ Bd7 12. Bb5 Nd3+ 13. Kd2 Nxc1 14. Bxd7+ Qxd7+ 15.
Qxd7+ Kxd7 16. Rxc1 Nb3+ 0-1

[Event "Live Chess"]
[Site "Chess.com"]
[Date "2023.05.21"]
[Round "-"]
[White "whatnot126"]
[Black "seabuck"]
[Result "0-1"]
[WhiteElo "2057"]
[BlackElo "1891"]
[TimeControl "300"]
[EndTime "7:27:15 PDT"]
[Termination "seabuck won by checkmate"]

1. e4 e6 2. d4 d5 3. e5 c5 4. c3 Nc6 5. Nf3 Bd7 6. Bd3 Rc8 7. O-O cxd4 8. cxd4 Nb4 9. Nc3 Nxd3 10. Qxd3 Ne7 11. h4 Nf5 12. Bg5 Be7 13. Bxe7 Qxe7 14. h5 O-O 15. g4 Nh6 16. Nh2 f5 17. exf6 Qxf6 18. f4 Qh4 19. Qf3 a6 20. Rae1 Rf7 21. Re5 Rcf8 22.
Ne2 Bb5 23. Rxe6 Rxf4 24. Nxf4 Bxf1 25. Nxf1 Nxg4 26. Qxd5 Qf2+ 27. Kh1 Qxf1# 0-1

[Event "Live Chess"]
[Site "Chess.com"]
[Date "2023.05.21"]
[Round "-"]
[White "AbilifyXL"]
[Black "LL220284LL"]
[Result "1-0"]
[WhiteElo "1988"]
[BlackElo "2236"]
[TimeControl "300"]
[EndTime "7:27:15 PDT"]
[Termination "AbilifyXL won by resignation"]

1. d4 f5 2. c4 Nf6 3. Nc3 e6 4. Nf3 d6 5. g3 Be7 6. Bg2 O-O 7. O-O Nbd7 8. Qc2 Rb8 9. Ng5 Nb6 10. b3 h6 11. Nf3 Qe8 12. Bb2 Qh5 13. Nb5 Bd8 14. Nxa7 Bd7 15. a4 c6 16. a5 Na8 17. b4 Ne4 18. b5 d5 19. b6 f4 20. Ne5 Be8 21. Bxe4 dxe4 22. Qxe4 fxg3 23. hxg3 Bf6 24. Kg2 Bxe5 25. Qxe5 Qxe5 26. dxe5 Bg6 27. f3 Rbd8 28.
Rad1 Bc2 29. Rc1 Bb3 30. Rc3 Ba4 31. Ba3 Rf7 32. Bd6 c5 33. Bxc5 Rd2 34. Rf2 Rfd7 35. Bd6 Ra2 36. e4 Bc6 37. Rxa2 1-0

[Event "Live Chess"]
[Site "Chess.com"]
[Date "2023.05.21"]
[Round "-"]
[White "Bob2pen"]
[Black "Conradical12"]
[Result "1-0"]
[WhiteElo "1852"]
[BlackElo "1536"]
[TimeControl "300"]
[EndTime "7:27:33 PDT"]
[Termination "Bob2pen won by resignation"]

1. c4 e5 2. g3 Nc6 3. Bg2 Bc5 4. e3 Nf6 5. Nc3 O-O 6. Nge2 d6 7. O-O Be6 8. d4 exd4 9. exd4 Bb4 10. d5 Bxc3 11. Nxc3 Bxd5 12. Nxd5 Nxd5 13. Qxd5 Ne5 14. Qxb7 Rb8 15.
Qd5 c6 16. Qd1 Qf6 17. Rb1 Nxc4 18. b3 Rfe8 19. Bf4 g5 20. Qg4 h6 21. bxc4 Rxb1 22. Rxb1 Kh7 23. Be3 Qg6 24. Rb7 d5 25. Qf3 dxc4 26.
Rxf7+ Kg8 27. Qf5 Qxf5 28. Rxf5 c3 29. Rc5 1-0

[Event "Live Chess"]
[Site "Chess.com"]
[Date "2023.05.21"]
[Round "-"]
[White "ms_lilley"]
[Black "elizaveta_frundina"]
[Result "0-1"]
[WhiteElo "603"]
[BlackElo "1580"]
[TimeControl "300"]
[EndTime "7:27:36 PDT"]
[Termination "elizaveta_frundina won by checkmate"]

1. d4 d5 2. e3 Nf6 3. h3 e6 4. Nf3 Bd6 5. c4 c5 6. dxc5 Bxc5 7. cxd5 Nxd5 8. Nc3 O-O 9. Nxd5 exd5 10. a3 Nc6 11.
b4 Bb6 12. Bb2 f6 13. Bb5 Re8 14. O-O a6 15. Nd4 Bxd4 16. Bxc6 Bxb2 17. Ra2 bxc6 18.
Rxb2 Qe7 19. Qc2 Bd7 20. a4 Qf7 21. Qc5 Qg6 22. Qd6 Bxh3 23. g3 Qf5 24. Re1 Qf3 25. Qf4 Qg2# 0-1